MID
CHARLESTON RIVERDOGS @ CEDAR RAPIDS KERNELS
06/19/2048
 
TOP OF THE 1ST
Charleston RiverDogs batting - Pitching for Cedar Rapids Kernels : RHP Felix Perez
Pitching: RHP Felix Perez
Batting: RHB Jonathan Iniguez 0-0: Ball
1-0: Bunt missed!
1-1: Ground out 4-3 (Groundball, 4, EV 85.6 MPH)
Batting: SHB Corey Penson 0-0: Ball
1-0: Ball
2-0: Ground out 2-3 (Groundball, 2L, EV 68.8 MPH)
Batting: LHB Justin O'Neal 0-0: Swinging Strike
0-1: Foul Ball, location: 2F
0-2: Strikes out swinging
Top of the 1st over - 0 runs, 0 hits, 0 errors, 0 left on base; Charleston 0 - Cedar Rapids 0
BOTTOM OF THE 1ST
Cedar Rapids Kernels batting - Pitching for Charleston RiverDogs : RHP Bobby Kosmicki
Pitching: RHP Bobby Kosmicki
Batting: RHB Tim Carter 0-0: Ball
1-0: Ball
2-0: Fly out, F7 (Flyball, 7D, EV 102.5 MPH)
Batting: RHB Kevin Harris 0-0: Foul Ball, location: 2F
0-1: Ground out U3 (Groundball, 13, EV 78.8 MPH)
Batting: LHB Shaun Price 0-0: SINGLE (Groundball, 4MD, EV 99.4 MPH)
Batting: LHB Brian Wagner 0-0: Ball
1-0: Foul Ball, location: 2F
1-1: Foul Ball, location: 2F
1-2: Strikes out looking
Bottom of the 1st over - 0 runs, 1 hit, 0 errors, 1 left on base; Charleston 0 - Cedar Rapids 0
TOP OF THE 2ND
Charleston RiverDogs batting - Pitching for Cedar Rapids Kernels : RHP Felix Perez
Batting: RHB Mike Zern 0-0: Ball
1-0: SINGLE (Flyball, 3D, EV 84.4 MPH)
Batting: LHB Steve LeGrand 0-0: Ball
1-0: SINGLE (Groundball, 4MD, EV 93.8 MPH)
Mike Zern to second
Runner from 2nd tries for 3rd, SAFE, throw by CF made to third
Batting: LHB Dale Anderson 0-0: Called Strike
0-1: Ball
1-1: Ball
2-1: Ball
3-1: Foul Ball, location: 2F
3-2: Ground out U3 (Groundball, 3S, EV 67.5 MPH)
Mike Zern scores
Steve LeGrand to second
Batting: LHB Marc Durgin 0-0: Called Strike
0-1: Swinging Strike
0-2: Ball
1-2: Ball
2-2: Ball
3-2: Base on Balls
Batting: RHB Louwe Starmans 0-0: Foul Ball, location: 2F
0-1: Ball
1-1: Swinging Strike
1-2: Ball
2-2: Foul Ball, location: 2F
2-2: DOUBLE (Line Drive, 89M, EV 93.8 MPH)
Steve LeGrand scores
Marc Durgin to third
Batting: RHB Bobby White 0-0: Swinging Strike
0-1: Ball
1-1: Foul Ball, location: 2F
1-2: Ball
2-2: Ball
3-2: Strikes out swinging
Batting: RHB Jonathan Iniguez 0-0: Ball
1-0: Foul Ball, location: 2F
1-1: Foul Ball, location: 2F
1-2: Ground out U3 (Groundball, 34, EV 80.6 MPH)
Top of the 2nd over - 2 runs, 3 hits, 0 errors, 2 left on base; Charleston 2 - Cedar Rapids 0
BOTTOM OF THE 2ND
Cedar Rapids Kernels batting - Pitching for Charleston RiverDogs : RHP Bobby Kosmicki
Batting: LHB Marvin Shepherd 0-0: Called Strike
0-1: Foul Ball, location: 2F
0-2: Foul Ball, location: 2F
0-2: Ball
1-2: Foul Ball, location: 2F
1-2: Foul Ball, location: 2F
1-2: SINGLE (Line Drive, 6D, EV 95.6 MPH)
Batting: RHB Nate Matson 0-0: Called Strike
0-1: Ball
1-1: Foul Ball, location: 2F
1-2: Ball
2-2: Ball
3-2: Ground out 5-3 (Groundball, 56, EV 102.5 MPH)
Marvin Shepherd to second
Batting: RHB Chris Bejarano 0-0: Fly out, F9 (Flyball, 9LSF, EV 83.8 MPH)
Batting: LHB Hector Olvera 0-0: DOUBLE (Line Drive, 9LD, EV 108.1 MPH)
Marvin Shepherd scores
Batting: RHB Antonio Santos 0-0: Foul Ball, location: 2F
0-1: Foul Ball, location: 2F
0-2: Ball
1-2: Foul Ball, location: 2F
1-2: Strikes out looking
Bottom of the 2nd over - 1 run, 2 hits, 0 errors, 1 left on base; Charleston 2 - Cedar Rapids 1
TOP OF THE 3RD
Charleston RiverDogs batting - Pitching for Cedar Rapids Kernels : RHP Felix Perez
Batting: SHB Corey Penson 0-0: Ball
1-0: Foul Ball, location: 2F
1-1: Swinging Strike
1-2: DOUBLE (Flyball, 78XD, EV 98.1 MPH)
Batting: LHB Justin O'Neal 0-0: Ball
1-0: Swinging Strike
1-1: Foul Ball, location: 2F
1-2: Ball
2-2: Ball
3-2: SINGLE (Groundball, 56D, EV 99.4 MPH)
Corey Penson to third
Batting: RHB Mike Zern 0-0: Ball
1-0: Called Strike
1-1: Ball
2-1: Swinging Strike
2-2: DOUBLE (Line Drive, 78D, EV 106.2 MPH)
Corey Penson scores
Justin O'Neal to third
Batting: LHB Steve LeGrand 0-0: Foul Ball, location: 2F
0-1: Ball
1-1: Swinging Strike
1-2: Ball
2-2: Ground out 4-3 (Groundball, 4, EV 89.4 MPH)
Justin O'Neal scores
Mike Zern to third
Batting: LHB Dale Anderson 0-0: Called Strike
0-1: Ball
Wild Pitch!
Mike Zern scores
1-1: Foul Ball, location: 2F
1-2: Fly out, F7 (Line Drive, 7LS, EV 99.4 MPH)
Batting: LHB Marc Durgin 0-0: Swinging Strike
0-1: Swinging Strike
0-2: Ball
1-2: Ball
2-2: Foul Ball, location: 2F
2-2: Strikes out swinging
Top of the 3rd over - 3 runs, 3 hits, 0 errors, 0 left on base; Charleston 5 - Cedar Rapids 1
BOTTOM OF THE 3RD
Cedar Rapids Kernels batting - Pitching for Charleston RiverDogs : RHP Bobby Kosmicki
Batting: RHB Tim Carter 0-0: Swinging Strike
0-1: Foul Ball, location: 2F
0-2: Foul Ball, location: 2F
0-2: Ground out 5-3 (Groundball, 56S, EV 80.6 MPH)
Batting: RHB Kevin Harris 0-0: Called Strike
0-1: Swinging Strike
0-2: Ball
1-2: SINGLE (Line Drive, 8RS, EV 91.2 MPH)
Batting: LHB Shaun Price 0-0: Ball
1-0: Called Strike
1-1: Foul Ball, location: 2F
1-2: Ball
2-2: SINGLE (Flyball, 7LS, EV 93.1 MPH)
Kevin Harris to second
Batting: LHB Brian Wagner 0-0: Called Strike
0-1: Ball
1-1: DOUBLE (Line Drive, 8LXD, EV 105.0 MPH)
Kevin Harris scores
Shaun Price to third
Batting: LHB Marvin Shepherd 0-0: Ball
1-0: Foul Ball, location: 2F
1-1: Swinging Strike
1-2: Foul Ball, location: 2F
1-2: Ball
2-2: Ball
3-2: Strikes out swinging
Batting: RHB Nate Matson 0-0: Ball
1-0: Fly out, F7 (Flyball, 78M, EV 81.2 MPH)
Bottom of the 3rd over - 1 run, 3 hits, 0 errors, 2 left on base; Charleston 5 - Cedar Rapids 2
TOP OF THE 4TH
Charleston RiverDogs batting - Pitching for Cedar Rapids Kernels : RHP Felix Perez
Pitching: RHP Andy Symons
Batting: RHB Louwe Starmans 0-0: Ball
1-0: Ball
2-0: Called Strike
2-1: Swinging Strike
2-2: Strikes out swinging
Batting: RHB Bobby White 0-0: Ground out 4-3 (Groundball, 4, EV 110.0 MPH)
Batting: RHB Jonathan Iniguez 0-0: Ball
1-0: Swinging Strike
1-1: Ball
2-1: Foul Ball, location: 2F
2-2: Ball
3-2: Strikes out swinging
Top of the 4th over - 0 runs, 0 hits, 0 errors, 0 left on base; Charleston 5 - Cedar Rapids 2
BOTTOM OF THE 4TH
Cedar Rapids Kernels batting - Pitching for Charleston RiverDogs : RHP Bobby Kosmicki
Batting: RHB Chris Bejarano 0-0: Ball
1-0: Ball
2-0: Foul Ball, location: 2F
2-1: Ball
3-1: Foul Ball, location: 2F
3-2: Strikes out swinging
Batting: LHB Hector Olvera 0-0: Ball
1-0: Called Strike
1-1: Fly out, F1 (Popup, P, EV 81.9 MPH)
Batting: RHB Antonio Santos 0-0: Ball
1-0: Ball
2-0: Called Strike
2-1: DOUBLE (Flyball, 89D, EV 101.2 MPH)
Batting: RHB Tim Carter 0-0: Ball
1-0: Called Strike
1-1: Ball
2-1: Swinging Strike
2-2: Foul Ball, location: 2F
2-2: Foul Ball, location: 2F
2-2: Foul Ball, location: 2F
2-2: Foul Ball, location: 2F
2-2: Strikes out swinging
Bottom of the 4th over - 0 runs, 1 hit, 0 errors, 1 left on base; Charleston 5 - Cedar Rapids 2
TOP OF THE 5TH
Charleston RiverDogs batting - Pitching for Cedar Rapids Kernels : RHP Andy Symons
Batting: SHB Corey Penson 0-0: Called Strike
0-1: Ball
1-1: Foul Ball, location: 2F
1-2: Ball
2-2: Strikes out swinging
Batting: LHB Justin O'Neal 0-0: Called Strike
0-1: Foul Ball, location: 2F
0-2: Strikes out swinging
Batting: RHB Mike Zern 0-0: Foul Ball, location: 2F
0-1: Swinging Strike
0-2: Strikes out swinging
Top of the 5th over - 0 runs, 0 hits, 0 errors, 0 left on base; Charleston 5 - Cedar Rapids 2
BOTTOM OF THE 5TH
Cedar Rapids Kernels batting - Pitching for Charleston RiverDogs : RHP Bobby Kosmicki
Batting: RHB Kevin Harris 0-0: Called Strike
0-1: Swinging Strike
0-2: Ball
1-2: Fly out, F2 (Popup, 23F, EV 91.2 MPH)
Batting: LHB Shaun Price 0-0: SINGLE (Line Drive, 7S, EV 97.5 MPH)
Batting: LHB Brian Wagner 0-0: Called Strike
0-1: SINGLE (Groundball, 25, EV 70.6 MPH) (infield hit)
Shaun Price to second
Batting: LHB Marvin Shepherd 0-0: Foul Ball, location: 2F
0-1: DOUBLE (Line Drive, 7LM, EV 103.8 MPH)
Shaun Price scores
Brian Wagner to third
Batting: RHB Nate Matson 0-0: Ball
1-0: Foul Ball, location: 2F
1-1: Called Strike
1-2: Ball
2-2: Strikes out swinging
Pitching: LHP Alex Pulido
Batting: RHB Chris Bejarano 0-0: Called Strike
0-1: Ball
1-1: Fly out, F7 (Flyball, 7D, EV 101.9 MPH)
Bottom of the 5th over - 1 run, 3 hits, 0 errors, 2 left on base; Charleston 5 - Cedar Rapids 3
TOP OF THE 6TH
Charleston RiverDogs batting - Pitching for Cedar Rapids Kernels : RHP Andy Symons
Batting: LHB Steve LeGrand 0-0: Ball
1-0: Ball
2-0: Swinging Strike
2-1: Foul Ball, location: 2F
2-2: Ball
3-2: Strikes out swinging
Batting: LHB Dale Anderson 0-0: SINGLE (Line Drive, 8LS, EV 93.1 MPH)
Batting: LHB Marc Durgin 0-0: Ball
1-0: Fly out, F7 (Flyball, 78M, EV 85.0 MPH)
Batting: RHB Louwe Starmans 0-0: Foul Ball, location: 2F
0-1: Swinging Strike
0-2: Strikes out swinging
Top of the 6th over - 0 runs, 1 hit, 0 errors, 1 left on base; Charleston 5 - Cedar Rapids 3
BOTTOM OF THE 6TH
Cedar Rapids Kernels batting - Pitching for Charleston RiverDogs : LHP Alex Pulido
Batting: LHB Hector Olvera 0-0: SINGLE (Line Drive, 56D, EV 103.1 MPH)
Batting: RHB Antonio Santos 0-0: Fly out, F8 (Line Drive, 8RM, EV 93.8 MPH)
Batting: RHB Tim Carter 0-0: Swinging Strike
0-1: Foul Ball, location: 2F
0-2: Fly out, F8 (Flyball, 8LM, EV 80.0 MPH)
Batting: RHB Kevin Harris 0-0: Ball
1-0: Called Strike
1-1: Fielders Choice at 2nd, U6 (Groundball, 6M, EV 79.4 MPH)
Bottom of the 6th over - 0 runs, 1 hit, 0 errors, 1 left on base; Charleston 5 - Cedar Rapids 3
TOP OF THE 7TH
Charleston RiverDogs batting - Pitching for Cedar Rapids Kernels : RHP Andy Symons
Batting: RHB Bobby White 0-0: Called Strike
0-1: Ball
1-1: Swinging Strike
1-2: Ball
2-2: Ground out U3 (Groundball, 3, EV 82.5 MPH)
Batting: RHB Jonathan Iniguez 0-0: Bunt missed!
0-1: Fly out, F8 (Line Drive, 8LM, EV 98.1 MPH)
Batting: SHB Corey Penson 0-0: Called Strike
0-1: Ball
1-1: Foul Ball, location: 2F
1-2: Strikes out swinging
Top of the 7th over - 0 runs, 0 hits, 0 errors, 0 left on base; Charleston 5 - Cedar Rapids 3
BOTTOM OF THE 7TH
Cedar Rapids Kernels batting - Pitching for Charleston RiverDogs : LHP Alex Pulido
Batting: LHB Shaun Price 0-0: Called Strike
0-1: Ground out 6-3 (Groundball, 4, EV 83.1 MPH)
Batting: LHB Brian Wagner 0-0: Ball
1-0: Ground out 4-3 (Groundball, 4, EV 105.6 MPH)
Batting: LHB Marvin Shepherd 0-0: Foul Ball, location: 2F
0-1: Foul Ball, location: 2F
0-2: Ball
1-2: Ball
2-2: Fly out, F7 (Line Drive, 7S, EV 91.9 MPH)
Bottom of the 7th over - 0 runs, 0 hits, 0 errors, 0 left on base; Charleston 5 - Cedar Rapids 3
TOP OF THE 8TH
Charleston RiverDogs batting - Pitching for Cedar Rapids Kernels : RHP Andy Symons
Pitching: LHP Mark Challinor
Batting: LHB Justin O'Neal 0-0: Foul Ball, location: 2F
0-1: Called Strike
0-2: Strikes out swinging
Batting: RHB Mike Zern 0-0: Ball
1-0: Ball
2-0: Called Strike
2-1: Ball
3-1: Called Strike
3-2: Strikes out swinging
Batting: LHB Steve LeGrand 0-0: Ball
1-0: Called Strike
1-1: Ball
2-1: Ground out 6-3 (Groundball, 6MD, EV 100.0 MPH)
Top of the 8th over - 0 runs, 0 hits, 0 errors, 0 left on base; Charleston 5 - Cedar Rapids 3
BOTTOM OF THE 8TH
Cedar Rapids Kernels batting - Pitching for Charleston RiverDogs : LHP Alex Pulido
Batting: RHB Nate Matson 0-0: Foul Ball, location: 2F
0-1: Swinging Strike
0-2: Ball
1-2: Hit by Pitch
Batting: RHB Chris Bejarano 0-0: Foul Ball, location: 2F
0-1: Ball
1-1: Swinging Strike
1-2: Foul Ball, location: 2F
1-2: Strikes out swinging
Pinch Hitting: RHB Steve Raine 0-0: Called Strike
0-1: Foul Ball, location: 2F
0-2: Ball
1-2: Ball
2-2: Ball
3-2: Fly out, F7 (Line Drive, 78M, EV 88.8 MPH)
Pinch Hitting: LHB Kuemon Shishido 0-0: Swinging Strike
0-1: Ball
1-1: Ball
2-1: Swinging Strike
2-2: Ball
3-2: Base on Balls
Nate Matson to second
Pitching: LHP Cory Musial
Batting: RHB Tim Carter 0-0: Ball
1-0: Called Strike
1-1: Ball
2-1: SINGLE (Groundball, 56S, EV 70.0 MPH) (infield hit)
Nate Matson to third
Kuemon Shishido to second
Batting: RHB Kevin Harris 0-0: Called Strike
0-1: Ball
1-1: Foul Ball, location: 2F
1-2: Strikes out swinging
Bottom of the 8th over - 0 runs, 1 hit, 0 errors, 3 left on base; Charleston 5 - Cedar Rapids 3
TOP OF THE 9TH
Charleston RiverDogs batting - Pitching for Cedar Rapids Kernels : LHP Mark Challinor
Now at 3B: Steve Raine
Now in LF: Dave Berry
Now in RF: Marvin Shepherd
Batting: RHB Iften Olujimi 0-0: Swinging Strike
0-1: Ball
1-1: Foul Ball, location: 2F
1-2: Strikes out looking
Batting: LHB Marc Durgin 0-0: Called Strike
0-1: Swinging Strike
0-2: Strikes out swinging
Batting: RHB Louwe Starmans 0-0: Called Strike
0-1: Called Strike
0-2: Ball
1-2: Strikes out looking
Top of the 9th over - 0 runs, 0 hits, 0 errors, 0 left on base; Charleston 5 - Cedar Rapids 3
BOTTOM OF THE 9TH
Cedar Rapids Kernels batting - Pitching for Charleston RiverDogs : LHP Cory Musial
Pitching: RHP Willie Perez
Batting: LHB Shaun Price 0-0: Ball
1-0: Ground out 4-3 (Groundball, 4, EV 81.9 MPH)
Batting: LHB Brian Wagner 0-0: Ball
1-0: Foul Ball, location: 2F
1-1: Foul Ball, location: 2F
1-2: SOLO HOME RUN (Flyball, 9D, EV 96.2 MPH), Distance : 374 ft
Batting: LHB Marvin Shepherd 0-0: Called Strike
0-1: Foul Ball, location: 2F
0-2: Strikes out swinging
Batting: RHB Nate Matson 0-0: Ball
1-0: Foul Ball, location: 2F
1-1: Foul Ball, location: 2F
1-2: Foul Ball, location: 2F
1-2: Ball
2-2: Ground out 5-3 (Groundball, 5, EV 86.2 MPH)
Bottom of the 9th over - 1 run, 1 hit, 0 errors, 0 left on base; Charleston 5 - Cedar Rapids 4
Tuesday, March 28th , 2023 - OOTP Baseball 23.10 Build 110